 Dungeon Crawl Stone Soup version 0.29-a0-297-g7659ce5 (webtiles) character file.

Game seed: 1523014487025859371

52529 FuelWaster the Severer (level 14, 0/135 HPs)
             Began as a Minotaur Berserker on Feb 22, 2022.
             Was a High Priest of Trog.
             Slain by a naga mage
             ... wielding a +0 club
              (6 damage)
             ... on level 1 of the Snake Pit on Mar 20, 2022.
             The game lasted 03:03:51 (15504 turns).

FuelWaster the Severer (Minotaur Berserker)        Turns: 15504, Time: 03:03:52

Health: 0/135      AC: 18    Str: 27    XL:     14   Next: 27%
Magic:  4/4        EV:  8    Int:  4    God:    Trog [*****.]
Gold:   1388       SH:  0    Dex: 10    Spells: 13/13 levels left

rFire   . . .      SeeInvis .   u - +8 battleaxe (antimagic)
rCold   . . .      Faith    .   (shield currently unavailable)
rNeg    . . .      Spirit   .   c - +0 plate armour
rPois   .          Reflect  .   (helmet restricted)
rElec   .          Harm     .   (no cloak)
rCorr   .          Rampage  .   o - +0 pair of gloves
Will    ++++.                   (no boots)
Stlth   ..........              a - amulet of regeneration
HPRegen 2.12/turn               (no ring)
MPRegen 0.09/turn               B - ring of willpower

@: lethally poisoned (0 -> -20), strong-willed, regenerating, slowed,
constricted, very slow
A: horns 2, retaliatory headbutt
a: Renounce Religion, Berserk, Trog's Hand, Brothers in Arms


You were on level 1 of the Snake Pit.
You worshipped Trog.
Trog was extremely pleased with you.
You visited 4 branches of the dungeon, and saw 19 of its levels.
You also visited: Sewer and Gauntlet.

You collected 1388 gold pieces.

Inventory:

Hand Weapons
 u - a +8 antimagic battleaxe (weapon)
 w - a +1 dagger of venom
 y - the +7 lajatang of Order {silver, rMut}
   (You found it on level 6 of the Lair of Beasts)

   It inflicts extra damage upon those it strikes, and deals substantially
   increased damage to chaotic, mutated and magically transformed beings.
   rMut:      It protects you from mutation.
 R - a +5 battleaxe
 X - the +10 hand axe of the Jumping Gods {drain, Int+5 Dex+3}
   (You found it on level 7 of the Dungeon)

   A truly terrible weapon, it drains the life of any living foe it strikes.
   Int:       It affects your intelligence (+5).
   Dex:       It affects your dexterity (+3).
Missiles
 f - 493 stones
 p - a javelin (quivered)
 I - a throwing net
 K - 2 datura-tipped darts
 V - 13 poisoned darts
Armour
 c - a +0 plate armour (worn)
 o - a +0 pair of gloves (worn)
 O - a +3 troll leather armour {Snorg}
 P - the +2 leather armour "Seps" {rPois rF+ Regen+}
   (You found it on level 5 of the Dungeon)

   rF:        It protects you from fire.
   rPois:     It protects you from poison.
   Regen:     It increases your rate of health regeneration.
Jewellery
 a - an amulet of regeneration (around neck)
 B - a ring of willpower (right hand)
 H - the ring "Xomocken" {Ice +Blink Will++ rCorr Int-2}
   (You found it on level 2 of the Lair of Beasts)

   [ring of ice]

   It enhances your ice magic.
   Int:       It affects your intelligence (-2).
   rF:        It makes you vulnerable to fire.
   rC:        It protects you from cold.
   +Blink:    It lets you blink.
   rCorr:     It protects you from acid and corrosion.
   Will:      It greatly increases your willpower.
 J - a ring of positive energy
 N - an amulet of the acrobat
Wands
 d - a wand of paralysis (5)
 j - a wand of charming (3)
 s - a wand of polymorph (22)
 v - a wand of iceblast (5)
 z - a wand of flame (7)
Scrolls
 m - 2 scrolls of brand weapon {unknown}
 r - a scroll of noise {unknown}
 t - 3 scrolls of fog {unknown}
 A - 2 scrolls of enchant weapon {unknown}
 L - 11 scrolls of identify {unknown}
 W - a scroll of amnesia {unknown}
Potions
 e - 2 potions of brilliance {unknown}
 g - a potion of attraction {unknown}
 h - 2 potions of ambrosia {unknown}
 i - a potion of resistance
 k - 6 potions of curing
 l - 2 potions of cancellation
 q - 2 potions of magic {unknown}
 F - a potion of berserk rage {unknown}
 G - 2 potions of might
 S - a potion of degeneration {unknown}
 T - 2 potions of flight
Miscellaneous
 b - a box of beasts (inert)


   Skills:
 * Level 15.4 Fighting
 + Level 2.6 Long Blades
 * Level 18.2 Axes
 + Level 2.4 Throwing
 * Level 14.8 Armour
 * Level 9.3 Dodging
 + Level 3.3 Stealth
 + Level 1.1 Evocations


You had 13 spell levels left.
You didn't know any spells.
Your spell library contained the following spells:

 Spells                   Type           Power      Damage    Failure   Level
 Sting                    Tmut/Pois      0%         1d3       98%         1
 Poisonous Vapours        Pois/Air       0%         N/A       99%         2
 Olgreb's Toxic Radiance  Pois           0%         N/A       100%        4


Dungeon Overview and Level Annotations

Branches:
Dungeon (11/15)            Temple (1/1) D:7            Lair (6/6) D:11
  Swamp (0/4) Lair:3        Snake (1/4) Lair:4        Slime (0/5) Lair:6
  Sewer (visited)         Gauntlet (visited)
    Orc: D:9-12

Altars:
Ashenzari
Cheibriados
Dithmenos
Elyvilon
Fedhas
Gozag
Hepliaklqana
Kikubaaqudgha
Makhleb
Nemelex Xobeh
Okawaru
Qazlal
Sif Muna
Trog
Uskayaw
Wu Jian
Xom
Yredelemnul
Zin
The Shining One
Jiyva

Shops:
D:10 *

Annotations:
D:2 Sigmund
D:5 3 runed translucent doors, Crazy Yiuf; Ozzieoiler's ghost, novice DsFi
D:7 2 transporters, alcopop's ghost, novice TrCA


Innate Abilities, Weirdness & Mutations

You have a pair of horns on your head.
You reflexively headbutt those who attack you in melee.


Message History

The naga mage's magic leaks into the air.
The naga hits you with a +0 battleaxe. The naga grabs you.
The naga constricts you.
You barely miss the naga.
You headbutt the naga, but do no damage.
You hit the naga mage.
The naga mage's magic leaks into the air.
The naga mage hits you with a +0 club! The naga spits poison at you.
The splash of poison hits you!
You are poisoned.
You have difficulty breathing.
You feel yourself slow down. The naga constricts you.
You barely miss the naga mage. You headbutt the naga mage.
The naga mage is severely wounded.
You hit the naga but do no damage.
You feel very sick.
The naga mage points at you and mumbles some strange words.
The bolt of poison hits you!!
You are more poisoned.
* * * LOW HITPOINT WARNING * * *
The naga spits poison at you.
The splash of poison hits you but does no damage.
You are lethally poisoned!
You have difficulty breathing.
* * * LOW HITPOINT WARNING * * *
You feel as though you will be slow longer.
The naga constricts you.
* * * LOW HITPOINT WARNING * * *
Your skin crawls.
You feel strong-willed.
* * * LOW HITPOINT WARNING * * *
You feel extremely sick. The naga mage spits poison at you.
The splash of poison hits you but does no damage.
You are more poisoned.
The naga hits you but does no damage. The naga constricts you.
* * * LOW HITPOINT WARNING * * *
The naga mage hits you with a +0 club.
You die...

...#### #.....
...#######....
........##.... ##
......###..... ..
[.>..........##.#
..#....###..#.#.#
####..###.....#.# #
##>.........###
#####....#..#..N@##
...#....##...##N#.#
...##..###NN#.#####
.#.
...##.....#.....#
#..#
...##..#..#N#####
#...#
#.)##..#........#
....##
.))........N.###.#
$....##
.##..##......##
N.....#
..#.#.........##
###)...>.#


You could see a naga mage (catching breath, magic disrupted) and a naga (curare,
catching breath).

Vanquished Creatures
  Aizul (Snake:1)
  Snorg (Lair:2)
  A naga warrior (Snake:1)
  2 boulder beetles
  4 catoblepae
  2 anacondas (Snake:1)
  A two-headed ogre (D:11)
  8 death yaks (Lair:6)
  A naga sharpshooter (Snake:1)
  Amaemon (Lair:2)
  A mana viper (Snake:1)
  2 manticores (Lair:6)
  A salamander (Snake:1)
  19 elephants
  11 black mambas
  3 naga magi (Snake:1)
  16 cane toads
  A gargoyle (D:11)
  An orange demon (Lair:2)
  6 komodo dragons
  5 polar bears
  3 trolls
  5 blink frogs (Lair:4)
  4 wyverns
  2 wraiths
  64 yaks
  A steam dragon (Lair:4)
  Grum (D:9)
  4 vampire mosquitoes
  4 basilisks
  2 wargs (D:11)
  2 nagas (Snake:1)
  Duvessa (D:4)
  14 water moccasins
  A swamp drake (Lair:3)
  An acid dragon (D:10)
  3 orc warriors
  A black bear (D:7)
  2 ogres
  A tengu (D:3)
  A necrophage (D:4)
  5 wolves
  2 centaurs
  2 kobold brigands
  2 phantoms (D:5)
  5 bullfrogs
  12 wights
  Dowan (D:4)
  11 killer bees (D:9)
  A howler monkey (D:11)
  An electric eel (Lair:6)
  A vampire bat (Lair:6)
  A jelly (D:5)
  A hound (D:7)
  7 orc priests
  A gnoll shaman (D:8)
  2 iguanas (D:5)
  Natasha (D:2)
  3 orc wizards
  Robin (D:4)
  5 gnolls (D:8)
  3 adders
  2 river rats (Sewer)
  A shadow imp (D:6)
  A white imp (D:5)
  A dart slug (D:1)
  21 orcs
  12 bats
  5 endoplasms
  3 giant cockroaches
  13 goblins
  5 hobgoblins
  4 jackals
  8 kobolds
  2 quokkas
  11 ball pythons
  A frilled lizard (D:3)
  6 rats
  A bush (Lair:6)
370 creatures vanquished.

Vanquished Creatures (others)
  Maurice (D:9)
  26 fungi
  78 plants
  4 toadstools (D:1)
  14 withered plants (Gauntlet)
123 creatures vanquished.

Grand Total: 493 creatures vanquished

Notes
Turn   | Place    | Note
-------+----------+-------------------------------------------
     0 | D:1      | FuelWaster the Minotaur Berserker began the quest for the
                  | Orb.
     0 | D:1      | Reached XP level 1. HP: 19/19 MP: 0/0
    82 | D:1      | Reached XP level 2. HP: 24/27 MP: 1/1
   111 | D:1      | Reached skill level 4 in Axes
   550 | D:1      | Reached ** piety under Trog
   551 | D:1      | Reached XP level 3. HP: 33/33 MP: 2/2
   831 | D:2      | Noticed Sigmund
  1121 | D:2      | Noticed Natasha
  1138 | D:2      | Killed Natasha
  1322 | D:2      | Reached skill level 5 in Axes
  1573 | D:3      | Reached XP level 4. HP: 37/41 MP: 3/3
  1738 | D:3      | Identified the +5 leather armour "Numuoj" {rF+ rCorr Int+2}
  1750 | D:3      | Upgraded the game from 0.29-a0-196-g79605ca to
                  | 0.29-a0-219-g0a02b1c
  1815 | D:3      | Noticed a water moccasin
  1830 | D:3      | Noticed a tengu
  1830 | D:3      | a water moccasin changed into a tengu
  1832 | D:3      | Killed a tengu
  1833 | D:3      | Reached skill level 5 in Fighting
  1833 | D:3      | Reached XP level 5. HP: 7/48 MP: 4/4
  2471 | D:4      | Noticed Robin
  2612 | D:4      | Killed Robin
  2615 | D:4      | Noticed a necrophage
  3107 | D:4      | Noticed a necrophage
  3138 | D:4      | Killed a necrophage
  3139 | D:4      | Reached skill level 6 in Axes
  3139 | D:4      | Reached XP level 6. HP: 54/54 MP: 5/5
  3410 | D:4      | Upgraded the game from 0.29-a0-219-g0a02b1c to
                  | 0.29-a0-271-gd4eb659
  3446 | D:4      | Upgraded the game from 0.29-a0-271-gd4eb659 to
                  | 0.29-a0-275-g389c0b5
  3477 | D:4      | Noticed Duvessa
  3518 | D:4      | Noticed Dowan
  3541 | D:4      | Killed Duvessa
  3542 | D:4      | Reached XP level 7. HP: 61/61 MP: 6/6
  3543 | D:4      | Killed Dowan
  3544 | D:4      | Reached skill level 1 in Stealth
  3635 | D:4      | Upgraded the game from 0.29-a0-275-g389c0b5 to
                  | 0.29-a0-296-gda187f2
  3672 | D:5      | Entered Level 5 of the Dungeon
  3713 | D:5      | Found a large runed translucent door.
  3713 | D:5      | Found a large runed translucent door.
  3714 | D:5      | Noticed Ozzieoiler's ghost (novice DsFi)
  3750 | D:5      | Found a white marble altar of Elyvilon.
  3784 | D:5      | Identified the +2 leather armour "Seps" {rPois rF+ Regen+}
  3974 | D:5      | Reached skill level 5 in Dodging
  3988 | D:5      | Reached skill level 7 in Axes
  4067 | D:5      | Found a runed translucent door.
  4068 | D:5      | Noticed Crazy Yiuf
  4107 | D:5      | Found a glowing drain.
  4122 | Sewer    | Entered a sewer
  4234 | Sewer    | Found a white marble altar of Elyvilon.
  4444 | D:5      | Reached *** piety under Trog
  4637 | D:6      | Noticed a steam dragon
  4778 | D:6      | Reached XP level 8. HP: 52/71 MP: 7/7
  4845 | D:7      | Reached skill level 8 in Axes
  4868 | D:7      | Reached skill level 5 in Armour
  4928 | D:7      | HP: 1/87 [wight/+4 halberd (4)]
  5039 | D:7      | Found an ancient bone altar of Kikubaaqudgha.
  5039 | D:7      | Found an ornate altar of the Wu Jian Council.
  5039 | D:7      | Found a glowing golden altar of the Shining One.
  5148 | D:7      | Found a transporter.
  5153 | D:7      | Noticed alcopop's ghost (novice TrCA)
  5168 | D:7      | Found a transporter.
  5316 | D:7      | Found an iron altar of Okawaru.
  5318 | D:7      | Found a staircase to the Ecumenical Temple.
  5320 | D:7      | Identified the +10 hand axe of the Jumping Gods {drain,
                  | Int+5 Dex+3}
  5425 | D:7      | Reached skill level 1 in Long Blades
  5480 | Temple   | Entered the Ecumenical Temple
  6096 | D:8      | Reached skill level 9 in Axes
  6201 | D:8      | Reached XP level 9. HP: 79/81 MP: 8/8
  6388 | D:8      | Reached skill level 10 in Axes
  6407 | D:8      | Found a hide-covered altar of Uskayaw.
  6762 | D:8      | Noticed a two-headed ogre
  7067 | D:9      | Noticed Grum
  7093 | D:9      | Killed Grum
  7611 | D:9      | Found a burning altar of Makhleb.
  7725 | D:9      | Noticed Maurice
  7734 | D:9      | Killed Maurice
  7735 | D:9      | Reached skill level 11 in Axes
  8015 | D:9      | Reached skill level 1 in Throwing
  8015 | D:9      | Reached XP level 10. HP: 91/91 MP: 9/9
  8210 | D:10     | Entered Level 10 of the Dungeon
  8210 | D:10     | Found Zieniagg's Assorted Antiques.
  8220 | D:10     | Reached **** piety under Trog
  8272 | D:10     | Reached skill level 12 in Axes
  8409 | D:10     | Reached skill level 10 in Fighting
  8526 | D:10     | Reached skill level 13 in Axes
  8903 | D:10     | Noticed a cyclops
  8967 | D:11     | Noticed a boulder beetle
  8987 | D:11     | Killed a boulder beetle
  8988 | D:11     | Reached XP level 11. HP: 101/101 MP: 10/10
  9080 | D:11     | Identified the +0 helmet of the Flute {Int+6}
  9182 | D:11     | Noticed a two-headed ogre
  9189 | D:11     | Killed a two-headed ogre
  9238 | D:11     | Reached skill level 14 in Axes
  9292 | D:11     | Reached skill level 1 in Evocations
  9297 | D:11     | Found a staircase to the Lair.
  9356 | D:11     | Reached ***** piety under Trog
  9417 | Lair:1   | Entered Level 1 of the Lair of Beasts
  9418 | Lair:1   | Upgraded the game from 0.29-a0-296-gda187f2 to
                  | 0.29-a0-297-g7659ce5
  9910 | Lair:1   | Reached skill level 10 in Armour
 10289 | Lair:2   | Found a hide-covered altar of Uskayaw.
 10289 | Lair:2   | Noticed a boulder beetle
 10290 | Lair:2   | Found an ornate altar of the Wu Jian Council.
 10308 | Lair:2   | Killed a boulder beetle
 10359 | Lair:2   | Identified the ring "Xomocken" {Ice +Blink Will++ rCorr
                  | Int-2}
 10443 | Lair:2   | Noticed Amaemon
 10475 | Lair:2   | Killed Amaemon
 10476 | Lair:2   | Reached skill level 15 in Axes
 10479 | Lair:2   | Reached XP level 12. HP: 112/112 MP: 11/11
 10685 | Lair:3   | Noticed Snorg
 10698 | Lair:2   | Killed Snorg
 10859 | Lair:3   | Noticed a six-headed hydra
 11048 | Lair:3   | Noticed a catoblepas
 11241 | Lair:4   | Found a gate leading to a gauntlet.
 11307 | Gauntlet | Entered a Gauntlet
 11307 | Gauntlet | Found a transporter.
 11307 | Gauntlet | Found a transporter.
 11311 | Gauntlet | Found a transporter.
 11312 | Gauntlet | Found a transporter.
 11320 | Gauntlet | Found a transporter.
 11344 | Gauntlet | Found a transporter.
 11354 | Gauntlet | Found a transporter.
 11362 | Gauntlet | Noticed a reaper
 11365 | Gauntlet | Found a transporter.
 11365 | Gauntlet | Found a transporter.
 11452 | Gauntlet | Found a transporter.
 11472 | Gauntlet | Found a transporter.
 11796 | Lair:4   | Noticed a four-headed hydra
 11897 | Lair:5   | Reached XP level 13. HP: 118/123 MP: 12/12
 11932 | Lair:5   | Received a gift from Trog
 12137 | Lair:5   | You fall into a shaft and drop 1 floor!
 12137 | Lair:6   | Entered Level 6 of the Lair of Beasts
 12176 | Lair:6   | Reached skill level 16 in Axes
 12794 | Lair:6   | Found a viscous altar of Jiyva.
 12794 | Lair:6   | Found a staircase to the Slime Pits.
 12922 | Lair:6   | Reached skill level 17 in Axes
 13028 | Lair:6   | Found the +7 lajatang of Order {silver, rMut}
 13174 | Lair:6   | Reached skill level 15 in Fighting
 14769 | Lair:4   | Found a staircase to the Snake Pit.
 14789 | Lair:4   | Reached XP level 14. HP: 135/135 MP: 4/13
 14791 | Snake:1  | Entered Level 1 of the Snake Pit
 14797 | Snake:1  | Received a gift from Trog
 14798 | Snake:1  | Noticed Aizul
 14823 | Snake:1  | Killed Aizul
 14942 | Snake:1  | Reached skill level 18 in Axes
 15421 | Snake:1  | HP: 5/135 [salamander/arrow (6)]
 15504 | Snake:1  | HP: 6/135 [constriction (1)]
 15504 | Snake:1  | Slain by a naga mage

Illustrated notes

Levels and vault maps discovered:
D:1:      ldierk_walled_garden_2, layout_rooms, serial_glass, glass_columns_a,
          glass_columns_b, glass_columns_a, glass_columns_a, glass_columns_a,
          glass_columns_a, minmay_pentomino_z4
D:2:      layout_basic, serial_shops, shop,
          dreamdust_ecumenical_altar_hidden_monk_grotto, serial_bayou_pond_a,
          minmay_liquid_box, minmay_misc_feat_plants, uniq_natasha, uniq_sigmund
D:3:      layout_basic
D:4:      layout_gridville, grunt_decor_one_mirror, uniq_duvessa, uniq_robin
D:5:      layout_rooms, mainiacjoe_overflow_chevrons, portal_sewer_entry_a,
          ebering_ghost_disaster_area, st_stairs_10, uniq_crazy_yiuf_cottage
D:6:      layout_loops_cross, nicolae_overflow_squiral, moated_statue,
          kennysheep_generic_room_16
D:7:      layout_basic, okawaru_gym_becter, gammafunk_temple_overflow_claw,
          minmay_temple_entry_sparse_star, gammafunk_ghost_stat_death
D:8:      layout_basic, lemuel_round_altar
D:9:      layout_irregular_city, mainiacjoe_overflow_alcove_1,
          minmay_misc_feat_chi, uniq_grum, uniq_maurice
D:10:     layout_loops_ring, serial_shops, nicolae_stop_n_shop_1, serial_rivers,
          chequers_serial_rivers_micro_e, chequers_serial_rivers_large_b,
          chequers_serial_rivers_micro_c, chequers_serial_rivers_small_a
D:11:     layout_roguey, erik_lair_orcish_takeover,
          hangedman_abyss_or_decor_lesser_grid
Temple:   dshaligram_water_room_temple
Lair:1:   layout_chaotic_city, serial_bayou_shore_b
Lair:2:   layout_long_grid, nzn_masters_of_martial_movement,
          serial_bayou_shore_a, grunt_megastairs_4, lemuel_fruit_fields,
          infiniplex_staircase_pool_2, uniq_amaemon
Lair:3:   layout_loops_ring, minmay_swamp_entry_wisps, wad_woods_river_02, pond,
          uniq_snorg
Lair:4:   layout_regular_city, minmay_snake_entry_six_corridors,
          gauntlet_entry_generic, lemuel_fruit_tree, lemuel_fruit_fields
Lair:5:   layout_cave_pods, lemuel_fruit_fields
Lair:6:   evilmike_catoblepas_cave, layout_cave_pods,
          dpeg_slime_entry_enclosed_altar, serial_bayou, serial_bayou_pond_b,
          serial_bayou_pond_c, serial_bayou_pond_e, serial_bayou_ford_a,
          roderic_batcave, grunt_megastairs_2
Snake:1:  layout_onion_interference, uniq_aizul

Skill      XL: |  1  2  3  4  5  6  7  8  9 10 11 12 13 14 |
---------------+-------------------------------------------+-----
Fighting       | 4 5 6 8 9 10 12 13 15 | 15.4
Axes           | 4 5 6 7 9 11 13 15 17 18 | 18.2
Dodging        | 3 4 5 6 8 9 |  9.3
Armour         | 3 4 5 6 8 10 13 14 | 14.8
Stealth        | 1 2 3 |  3.3
Long Blades    | 1 2 |  2.6
Throwing       | 1 2 |  2.4
Evocations     | 1 |  1.1

Action                   |  1- 3 |  4- 6 |  7- 9 | 10-12 | 13-15 || total
-------------------------+-------+-------+-------+-------+-------++-------
Melee: Hand axe          |    52 |   101 |   211 |   496 |     7 ||   867
       Headbutt          |    12 |    12 |    46 |   122 |    72 ||   264
       Punch             |       |     4 |     6 |     7 |       ||    17
       Falchion          |       |       |    32 |       |       ||    32
       War axe           |       |       |    10 |       |       ||    10
       Battleaxe         |       |       |       |       |   307 ||   307
Throw: Stone             |       |     4 |     1 |    15 |       ||    20
       Javelin           |       |       |     4 |     7 |       ||    11
       Dart              |       |       |       |     3 |       ||     3
Invok: Berserk           |       |     3 |     4 |     5 |     6 ||    18
       Trog's Hand       |       |       |       |       |     2 ||     2
Evoke: Wand              |       |     2 |     3 |     2 |       ||     7
       Box of beasts     |       |       |       |       |     1 ||     1
  Use: Scroll            |       |     4 |     3 |     5 |     2 ||    14
       Potion            |       |       |     7 |     3 |     2 ||    12
Armor: Animal skin       |     5 |       |       |       |       ||     5
       Leather armour    |       |    58 |    37 |       |       ||    95
       Plate armour      |       |       |    22 |   188 |   135 ||   345
Dodge: Dodged            |    26 |    47 |   181 |   172 |   122 ||   548

Table legend: (Time is in decaauts)
 A = Elapsed time spent in this place.
 B = Non-inter-level travel time spent in this place.
 C = Inter-level travel time spent in this place.
 D = Time resting spent in this place.
 E = Time spent auto-exploring this place.
 F = Levels seen in this place.
 G = Mean time per level.
                   A        B        C        D        E       F      G
               +--------+--------+--------+--------+--------+-----+--------+
         Total |  15524 |  15517 |      7 |   2679 |   6374 |  21 |  739.2 |
       Dungeon |   8974 |   8967 |      7 |   1874 |   3364 |  11 |  815.8 |
        Temple |    150 |    150 |      0 |      0 |    118 |   1 |  150.0 |
          Lair |   5044 |   5044 |      0 |    524 |   2493 |   6 |  840.7 |
     Snake Pit |    703 |    703 |      0 |    246 |    206 |   1 |  703.0 |
         Sewer |    374 |    374 |      0 |     33 |    192 |   1 |  374.0 |
      Gauntlet |    277 |    277 |      0 |      0 |      0 |   1 |  277.0 |
               +--------+--------+--------+--------+--------+-----+--------+

Top non-repeatable levels by time:
  Lair:6: 2036 daAuts
     D:3: 1397 daAuts
     D:9: 1387 daAuts
     D:7: 1093 daAuts
     D:4: 918 daAuts
  Lair:5: 881 daAuts
     D:1: 822 daAuts
  Lair:1: 773 daAuts
     D:8: 769 daAuts
    D:10: 721 daAuts
 Snake:1: 703 daAuts
     D:5: 638 daAuts
  Lair:2: 629 daAuts
     D:2: 576 daAuts
    D:11: 434 daAuts
